Workbook

Sheet Resumo
A1: Rentabilidade por unidade de salão
A3: Período analisado | B3: =IFERROR(TEXT('Parâmetros'!$B$4,"dd/mm/yyyy")&" a "&TEXT('Parâmetros'!$B$5,"dd/mm/yyyy"),"")
A4: Status incluído | B4: ='Parâmetros'!$B$6
A6: Receitas | B6: Custos | C6: Resultado | D6: Margem | E6: Unidades com movimento | F6: Sinais de conferência
A7: =SUM(B11:B14) | B7: =SUM(C11:C14) | C7: =A7-B7 | D7: =IFERROR(C7/A7,"") | E7: =SUMPRODUCT(--((B11:B14+C11:C14)>0)) | F7: =COUNTIF(F11:F14,"Conferir*")
A10: Unidade | B10: Receitas | C10: Custos | D10: Resultado | E10: Margem | F10: Sinal de conferência
A11: =IF('Parâmetros'!D4="","",'Parâmetros'!D4) | B11: =IF($A11="","",IFERROR(IF('Parâmetros'!$B$6="Todos",SUMIFS('Lançamentos'!$I$5:$I$104,'Lançamentos'!$C$5:$C$104,$A11,'Lançamentos'!$D$5:$D$104,"Receita",'Lançamentos'!$B$5:$B$104,">="&'Parâmetros'!$B$4,'Lançamentos'!$B$5:$B$104,"<="&'Parâmetros'!$B$5),SUMIFS('Lançamentos'!$I$5:$I$104,'Lançamentos'!$C$5:$C$104,$A11,'Lançamentos'!$D$5:$D$104,"Receita",'Lançamentos'!$B$5:$B$104,">="&'Parâmetros'!$B$4,'Lançamentos'!$B$5:$B$104,"<="&'Parâmetros'!$B$5,'Lançamentos'!$J$5:$J$104,'Parâmetros'!$B$6)),0)) | C11: =IF($A11="","",IFERROR(IF('Parâmetros'!$B$6="Todos",SUMIFS('Lançamentos'!$I$5:$I$104,'Lançamentos'!$C$5:$C$104,$A11,'Lançamentos'!$D$5:$D$104,"Custo",'Lançamentos'!$B$5:$B$104,">="&'Parâmetros'!$B$4,'Lançamentos'!$B$5:$B$104,"<="&'Parâmetros'!$B$5),SUMIFS('Lançamentos'!$I$5:$I$104,'Lançamentos'!$C$5:$C$104,$A11,'Lançamentos'!$D$5:$D$104,"Custo",'Lançamentos'!$B$5:$B$104,">="&'Parâmetros'!$B$4,'Lançamentos'!$B$5:$B$104,"<="&'Parâmetros'!$B$5,'Lançamentos'!$J$5:$J$104,'Parâmetros'!$B$6)),0)) | D11: =IF($A11="","",$B11-$C11) | E11: =IF($A11="","",IFERROR($D11/$B11,"")) | F11: =IF($A11="","",IF(($B11+$C11)=0,"Sem movimento",IF($D11<0,"Conferir resultado",IF($E11="","Conferir margem",IF($E11<'Parâmetros'!$B$10,"Conferir margem","Dentro da referência")))))
A12: =IF('Parâmetros'!D5="","",'Parâmetros'!D5) | B12: =IF($A12="","",IFERROR(IF('Parâmetros'!$B$6="Todos",SUMIFS('Lançamentos'!$I$5:$I$104,'Lançamentos'!$C$5:$C$104,$A12,'Lançamentos'!$D$5:$D$104,"Receita",'Lançamentos'!$B$5:$B$104,">="&'Parâmetros'!$B$4,'Lançamentos'!$B$5:$B$104,"<="&'Parâmetros'!$B$5),SUMIFS('Lançamentos'!$I$5:$I$104,'Lançamentos'!$C$5:$C$104,$A12,'Lançamentos'!$D$5:$D$104,"Receita",'Lançamentos'!$B$5:$B$104,">="&'Parâmetros'!$B$4,'Lançamentos'!$B$5:$B$104,"<="&'Parâmetros'!$B$5,'Lançamentos'!$J$5:$J$104,'Parâmetros'!$B$6)),0)) | C12: =IF($A12="","",IFERROR(IF('Parâmetros'!$B$6="Todos",SUMIFS('Lançamentos'!$I$5:$I$104,'Lançamentos'!$C$5:$C$104,$A12,'Lançamentos'!$D$5:$D$104,"Custo",'Lançamentos'!$B$5:$B$104,">="&'Parâmetros'!$B$4,'Lançamentos'!$B$5:$B$104,"<="&'Parâmetros'!$B$5),SUMIFS('Lançamentos'!$I$5:$I$104,'Lançamentos'!$C$5:$C$104,$A12,'Lançamentos'!$D$5:$D$104,"Custo",'Lançamentos'!$B$5:$B$104,">="&'Parâmetros'!$B$4,'Lançamentos'!$B$5:$B$104,"<="&'Parâmetros'!$B$5,'Lançamentos'!$J$5:$J$104,'Parâmetros'!$B$6)),0)) | D12: =IF($A12="","",$B12-$C12) | E12: =IF($A12="","",IFERROR($D12/$B12,"")) | F12: =IF($A12="","",IF(($B12+$C12)=0,"Sem movimento",IF($D12<0,"Conferir resultado",IF($E12="","Conferir margem",IF($E12<'Parâmetros'!$B$10,"Conferir margem","Dentro da referência")))))
A13: =IF('Parâmetros'!D6="","",'Parâmetros'!D6) | B13: =IF($A13="","",IFERROR(IF('Parâmetros'!$B$6="Todos",SUMIFS('Lançamentos'!$I$5:$I$104,'Lançamentos'!$C$5:$C$104,$A13,'Lançamentos'!$D$5:$D$104,"Receita",'Lançamentos'!$B$5:$B$104,">="&'Parâmetros'!$B$4,'Lançamentos'!$B$5:$B$104,"<="&'Parâmetros'!$B$5),SUMIFS('Lançamentos'!$I$5:$I$104,'Lançamentos'!$C$5:$C$104,$A13,'Lançamentos'!$D$5:$D$104,"Receita",'Lançamentos'!$B$5:$B$104,">="&'Parâmetros'!$B$4,'Lançamentos'!$B$5:$B$104,"<="&'Parâmetros'!$B$5,'Lançamentos'!$J$5:$J$104,'Parâmetros'!$B$6)),0)) | C13: =IF($A13="","",IFERROR(IF('Parâmetros'!$B$6="Todos",SUMIFS('Lançamentos'!$I$5:$I$104,'Lançamentos'!$C$5:$C$104,$A13,'Lançamentos'!$D$5:$D$104,"Custo",'Lançamentos'!$B$5:$B$104,">="&'Parâmetros'!$B$4,'Lançamentos'!$B$5:$B$104,"<="&'Parâmetros'!$B$5),SUMIFS('Lançamentos'!$I$5:$I$104,'Lançamentos'!$C$5:$C$104,$A13,'Lançamentos'!$D$5:$D$104,"Custo",'Lançamentos'!$B$5:$B$104,">="&'Parâmetros'!$B$4,'Lançamentos'!$B$5:$B$104,"<="&'Parâmetros'!$B$5,'Lançamentos'!$J$5:$J$104,'Parâmetros'!$B$6)),0)) | D13: =IF($A13="","",$B13-$C13) | E13: =IF($A13="","",IFERROR($D13/$B13,"")) | F13: =IF($A13="","",IF(($B13+$C13)=0,"Sem movimento",IF($D13<0,"Conferir resultado",IF($E13="","Conferir margem",IF($E13<'Parâmetros'!$B$10,"Conferir margem","Dentro da referência")))))
A14: =IF('Parâmetros'!D7="","",'Parâmetros'!D7) | B14: =IF($A14="","",IFERROR(IF('Parâmetros'!$B$6="Todos",SUMIFS('Lançamentos'!$I$5:$I$104,'Lançamentos'!$C$5:$C$104,$A14,'Lançamentos'!$D$5:$D$104,"Receita",'Lançamentos'!$B$5:$B$104,">="&'Parâmetros'!$B$4,'Lançamentos'!$B$5:$B$104,"<="&'Parâmetros'!$B$5),SUMIFS('Lançamentos'!$I$5:$I$104,'Lançamentos'!$C$5:$C$104,$A14,'Lançamentos'!$D$5:$D$104,"Receita",'Lançamentos'!$B$5:$B$104,">="&'Parâmetros'!$B$4,'Lançamentos'!$B$5:$B$104,"<="&'Parâmetros'!$B$5,'Lançamentos'!$J$5:$J$104,'Parâmetros'!$B$6)),0)) | C14: =IF($A14="","",IFERROR(IF('Parâmetros'!$B$6="Todos",SUMIFS('Lançamentos'!$I$5:$I$104,'Lançamentos'!$C$5:$C$104,$A14,'Lançamentos'!$D$5:$D$104,"Custo",'Lançamentos'!$B$5:$B$104,">="&'Parâmetros'!$B$4,'Lançamentos'!$B$5:$B$104,"<="&'Parâmetros'!$B$5),SUMIFS('Lançamentos'!$I$5:$I$104,'Lançamentos'!$C$5:$C$104,$A14,'Lançamentos'!$D$5:$D$104,"Custo",'Lançamentos'!$B$5:$B$104,">="&'Parâmetros'!$B$4,'Lançamentos'!$B$5:$B$104,"<="&'Parâmetros'!$B$5,'Lançamentos'!$J$5:$J$104,'Parâmetros'!$B$6)),0)) | D14: =IF($A14="","",$B14-$C14) | E14: =IF($A14="","",IFERROR($D14/$B14,"")) | F14: =IF($A14="","",IF(($B14+$C14)=0,"Sem movimento",IF($D14<0,"Conferir resultado",IF($E14="","Conferir margem",IF($E14<'Parâmetros'!$B$10,"Conferir margem","Dentro da referência")))))
H19: Base compacta do gráfico
H20: Unidade | I20: Receitas | J20: Custos
H21: =A11 | I21: =B11 | J21: =C11
H22: =A12 | I22: =B12 | J22: =C12
H23: =A13 | I23: =B13 | J23: =C13
H24: =A14 | I24: =B14 | J24: =C14

Sheet Lançamentos
A1: Lançamentos de receitas e custos por unidade
A2: Preencha os campos rosados. O valor total é calculado somente quando o lançamento estiver completo.
A4: ID | B4: Data | C4: Unidade | D4: Natureza | E4: Categoria | F4: Descrição | G4: Quantidade | H4: Valor unitário | I4: Valor total | J4: Status
A5: MOV-001 | B5: 46023 | C5: Unidade Aurora | D5: Receita | E5: Serviços | F5: Corte e finalização fictícios | G5: 18 | H5: 120 | I5: =IF(OR(A5="",B5="",C5="",D5="",E5="",F5="",G5="",H5="",J5=""),"",IFERROR(G5*H5,"")) | J5: Realizado
A6: MOV-002 | B6: 46051 | C6: Unidade Aurora | D6: Custo | E6: Insumos | F6: Produtos de uso operacional | G6: 1 | H6: 780 | I6: =IF(OR(A6="",B6="",C6="",D6="",E6="",F6="",G6="",H6="",J6=""),"",IFERROR(G6*H6,"")) | J6: Realizado
A7: MOV-003 | B7: 46079 | C7: Unidade Ipê | D7: Receita | E7: Serviços | F7: Serviços fictícios de manicure | G7: 25 | H7: 75 | I7: =IF(OR(A7="",B7="",C7="",D7="",E7="",F7="",G7="",H7="",J7=""),"",IFERROR(G7*H7,"")) | J7: Realizado
A8: MOV-004 | B8: 46107 | C8: Unidade Ipê | D8: Custo | E8: Aluguel | F8: Locação mensal da unidade fictícia | G8: 1 | H8: 3200 | I8: =IF(OR(A8="",B8="",C8="",D8="",E8="",F8="",G8="",H8="",J8=""),"",IFERROR(G8*H8,"")) | J8: Realizado
A9: MOV-005 | B9: 46135 | C9: Unidade Brisa | D9: Receita | E9: Produtos | F9: Venda de produtos fictícios | G9: 12 | H9: 95 | I9: =IF(OR(A9="",B9="",C9="",D9="",E9="",F9="",G9="",H9="",J9=""),"",IFERROR(G9*H9,"")) | J9: Realizado
A10: MOV-006 | B10: 46162 | C10: Unidade Brisa | D10: Custo | E10: Insumos | F10: Reposição de materiais operacionais | G10: 1 | H10: 460 | I10: =IF(OR(A10="",B10="",C10="",D10="",E10="",F10="",G10="",H10="",J10=""),"",IFERROR(G10*H10,"")) | J10: Realizado
A11: MOV-007 | B11: 46190 | C11: Unidade Horizonte | D11: Receita | E11: Serviços | F11: Atendimentos fictícios de beleza | G11: 30 | H11: 110 | I11: =IF(OR(A11="",B11="",C11="",D11="",E11="",F11="",G11="",H11="",J11=""),"",IFERROR(G11*H11,"")) | J11: Realizado
A12: MOV-008 | B12: 46218 | C12: Unidade Horizonte | D12: Custo | E12: Comissões | F12: Comissões internas do período | G12: 1 | H12: 1450 | I12: =IF(OR(A12="",B12="",C12="",D12="",E12="",F12="",G12="",H12="",J12=""),"",IFERROR(G12*H12,"")) | J12: Realizado
A13: MOV-009 | B13: 46246 | C13: Unidade Aurora | D13: Receita | E13: Serviços | F13: Agenda fictícia ainda prevista | G13: 10 | H13: 130 | I13: =IF(OR(A13="",B13="",C13="",D13="",E13="",F13="",G13="",H13="",J13=""),"",IFERROR(G13*H13,"")) | J13: Previsto
A14: MOV-010 | B14: 46274 | C14: Unidade Brisa | D14: Custo | E14: Marketing | F14: Ação local fictícia cancelada | G14: 1 | H14: 900 | I14: =IF(OR(A14="",B14="",C14="",D14="",E14="",F14="",G14="",H14="",J14=""),"",IFERROR(G14*H14,"")) | J14: Cancelado
I15: =IF(OR(A15="",B15="",C15="",D15="",E15="",F15="",G15="",H15="",J15=""),"",IFERROR(G15*H15,""))
I16: =IF(OR(A16="",B16="",C16="",D16="",E16="",F16="",G16="",H16="",J16=""),"",IFERROR(G16*H16,""))
I17: =IF(OR(A17="",B17="",C17="",D17="",E17="",F17="",G17="",H17="",J17=""),"",IFERROR(G17*H17,""))
I18: =IF(OR(A18="",B18="",C18="",D18="",E18="",F18="",G18="",H18="",J18=""),"",IFERROR(G18*H18,""))
I19: =IF(OR(A19="",B19="",C19="",D19="",E19="",F19="",G19="",H19="",J19=""),"",IFERROR(G19*H19,""))
I20: =IF(OR(A20="",B20="",C20="",D20="",E20="",F20="",G20="",H20="",J20=""),"",IFERROR(G20*H20,""))
I21: =IF(OR(A21="",B21="",C21="",D21="",E21="",F21="",G21="",H21="",J21=""),"",IFERROR(G21*H21,""))
I22: =IF(OR(A22="",B22="",C22="",D22="",E22="",F22="",G22="",H22="",J22=""),"",IFERROR(G22*H22,""))
I23: =IF(OR(A23="",B23="",C23="",D23="",E23="",F23="",G23="",H23="",J23=""),"",IFERROR(G23*H23,""))
I24: =IF(OR(A24="",B24="",C24="",D24="",E24="",F24="",G24="",H24="",J24=""),"",IFERROR(G24*H24,""))
I25: =IF(OR(A25="",B25="",C25="",D25="",E25="",F25="",G25="",H25="",J25=""),"",IFERROR(G25*H25,""))
I26: =IF(OR(A26="",B26="",C26="",D26="",E26="",F26="",G26="",H26="",J26=""),"",IFERROR(G26*H26,""))
... I104: =IF(OR(A104="",B104="",C104="",D104="",E104="",F104="",G104="",H104="",J104=""),"",IFERROR(G104*H104,""))

Sheet Parâmetros
A1: Parâmetros da análise
A3: Premissa | B3: Valor | D3: Unidades | E3: Naturezas | F3: Categorias | G3: Status | H3: Filtros de status
A4: Data inicial da análise | B4: 46023 | D4: Unidade Aurora | E4: Receita | F4: Serviços | G4: Realizado | H4: Todos
A5: Data final da análise | B5: 46274 | D5: Unidade Ipê | E5: Custo | F5: Produtos | G5: Previsto | H5: Realizado
A6: Status incluído | B6: Realizado | D6: Unidade Brisa | F6: Insumos | G6: Cancelado | H6: Previsto
A7: Quantidade mínima | B7: 0.01 | D7: Unidade Horizonte | F7: Aluguel | H7: Cancelado
A8: Quantidade máxima | B8: 1000 | F8: Comissões
A9: Valor unitário máximo | B9: 100000 | F9: Marketing
A10: Margem de referência | B10: 0.15 | F10: Utilidades
F11: Manutenção
A13: Edite as premissas e listas antes da análise. A margem de referência é apenas um limite interno para conferência.
